 Dungeon Crawl Stone Soup version 0.17-a0-1979-g1c74939 (webtiles) character file.

387 kae the Carver (level 6, -3/51 HPs)
             Began as a Minotaur Fighter on Oct 5, 2015.
             Slain by an ogre
             ... wielding a +0 giant club
              (10 damage)
             ... on level 5 of the Dungeon.
             The game lasted 00:03:45 (3553 turns).

kae the Carver (Minotaur Fighter)                   Turns: 3553, Time: 00:03:45

Health: -3/51      AC:  7    Str: 20    XL:     6   Next: 49%
Magic:  5/5        EV:  7    Int:  7    God:
Gold:   174        SH:  9    Dex: 10    Spells: 0 memorised, 5 levels left

rFire  + . .     SeeInvis .     a - +0 long sword
rCold  + . .     Clarity  .     b - +1 scale mail
rNeg   + . .     SustAt   .     c - +0 shield
rPois  +         Gourm    .     (helmet restricted)
rElec  +         Spirit   .     (no cloak)
rCorr  +         Warding  +     (no gloves)
rMut   .         Stasis   .     (no boots)
MR     .....                    i - amulet of warding
Stlth  ..........               (no ring)
                                (no ring)

@: resistant, not resistant to hostile enchantments, extremely unstealthy
A: retaliatory headbutt, horns 2
a: no special abilities


You were on level 5 of the Dungeon.
You were not hungry.

You visited 1 branch of the dungeon, and saw 5 of its levels.

You collected 174 gold pieces.

Inventory:

Hand Weapons
 a - a +0 long sword (weapon)
Armour
 b - a +1 scale mail (worn)
 c - a +0 shield (worn)
Jewellery
 i - an amulet of warding (around neck)
Wands
 j - a wand of cold (2)
Scrolls
 k - a scroll of enchant armour
 n - a scroll of identify
Potions
 m - a potion of brilliance
Comestibles
 e - a bread ration


   Skills:
 - Level 3.6 Fighting
 + Level 8.4 Long Blades
 - Level 3.6 Armour
 - Level 3.6 Shields


You had 5 spell levels left.
You didn't know any spells.

Dungeon Overview and Level Annotations

Branches:
Dungeon (5/15)
 Temple: D:4-7

Altars:
Ru

Annotations:
D:5 Nico3ck's ghost, novice FoSk; Pikel


Innate Abilities, Weirdness & Mutations

You reflexively headbutt those who attack you in melee.
You have a pair of horns on your head.


Message History

You are too injured to fight recklessly!
You hit Nico3ck's ghost but do no damage.
Nico3ck's ghost is almost destroyed.
You block Nico3ck's ghost's attack.
You hit Nico3ck's ghost.
Nico3ck's ghost is almost destroyed.
Nico3ck's ghost hits you but does no damage.
You barely miss Nico3ck's ghost.
Nico3ck's ghost is almost destroyed.
You block the ogre's attack.
Nico3ck's ghost hits you but does no damage.
You hit Nico3ck's ghost but do no damage.
Nico3ck's ghost is almost destroyed.
The ogre barely misses you. Nico3ck's ghost closely misses you.
You hit Nico3ck's ghost but do no damage.
Nico3ck's ghost is almost destroyed.
Nico3ck's ghost hits you!
* * * LOW HITPOINT WARNING * * *
The ogre hits you with a giant club!
You die...

.
#>..#########...
#......<.(....#
#...####.###...
# ##O# #.@# #W##
#. .. !.. ###.
.. #.


You could see an ogre and Nico3ck's ghost.

Vanquished Creatures
  2 slaves (D:4)
  The ghost of Bnni the Cudgeler, an amateur DsGl (D:3)
  A hound (D:5)
  An orc priest (D:4)
  2 worker ants (D:4)
  2 iguanas (D:4)
  3 gnolls (D:2)
  2 adders (D:4)
  An ooze (D:3)
  An adder skeleton (D:4)
  4 worms
  3 giant geckos
  4 orcs
  A ball python (D:3)
  3 bats
  7 giant cockroaches
  10 goblins
  8 hobgoblins
  8 jackals
  5 kobolds
  A quokka (D:4)
  6 giant newts
  12 rats
88 creatures vanquished.

Notes
Turn   | Place    | Note
--------------------------------------------------------------
     0 | D:1      | kae the Minotaur Fighter began the quest for the Orb.
     0 | D:1      | Reached XP level 1. HP: 19/19 MP: 0/0
   155 | D:1      | Reached XP level 2. HP: 26/26 MP: 1/1
   283 | D:1      | Reached skill level 4 in Long Blades
   395 | D:1      | Reached XP level 3. HP: 27/31 MP: 2/2
   740 | D:2      | Reached skill level 5 in Long Blades
   978 | D:2      | Reached XP level 4. HP: 33/39 MP: 3/3
  1501 | D:3      | Noticed Bnni's ghost (amateur DsGl)
  1510 | D:3      | Killed Bnni's ghost
  1510 | D:3      | Reached skill level 6 in Long Blades
  1510 | D:3      | Reached XP level 5. HP: 42/45 MP: 4/4
  2192 | D:4      | Reached skill level 7 in Long Blades
  2268 | D:4      | Found a sacrificial altar of Ru.
  2552 | D:4      | Reached XP level 6. HP: 32/51 MP: 5/5
  2722 | D:4      | Reached skill level 8 in Long Blades
  3106 | D:5      | Entered Level 5 of the Dungeon
  3127 | D:5      | Noticed Pikel
  3162 | D:4      | HP: 1/51 [slave[Pikel] (6)]
  3530 | D:5      | Noticed Nico3ck's ghost (novice FoSk)
  3553 | D:5      | Slain by an ogre

Vault maps used:
D:1:      minmay_arrival_shattered_statue
D:2:      grunt_ministairs_6, columned_hall_lemuel
D:3:      minmay_fountain_box
D:4:      first_bread, hangedman_ru_absence
D:5:      uniq_crazy_yiuf_cottage, uniq_pikel

Action                   |  1- 3 |  4- 6 || total
-------------------------+-------+-------++-------
Melee: Long sword        |    84 |   195 ||   279
Evoke: Wand              |       |     1 ||     1
  Use: Scroll            |     2 |    10 ||    12
       Potion            |       |     4 ||     4
  Eat: Chunk             |       |     6 ||     6
       Bread ration      |       |     1 ||     1
